Map: Acid Plant LE

Players

SWIFT

  • Race: Terran Terran
  • League: Platinum
  • Spawn Location: 5:00

OmaMorkie - Winner!

  • Race: Zerg Zerg
  • League: Diamond
  • Spawn Location: 11:00

VOD

Have the link to the VOD?

Description

burrow builds forever

Time

  • Played on: Feb. 6, 2018, 2:22 p.m.
  • Length: 10:14
Show
View Real Time Build Order
Export as new Build Order

SWIFT Terran 

Build Orders: MMM Bio 

Get SALT Encoding   

  12  0:01  SCV  
  13  0:17  Supply Depot, SCV  
  14  0:25  Refinery  
  14  0:29  SCV  
  15  0:44  Barracks  
  15  0:46  SCV  
  16  0:58  SCV  
  16  1:01  Refinery  
  17  1:11  SCV  
  18  1:18  Barracks  
  18  1:23  SCV  
  19  1:34  Barracks Reactor  
  19  1:35  SCV  
  20  1:47  Orbital Command  
  20  1:57  Supply Depot  
  20  2:07  Barracks Tech Lab  
  20  2:16  Factory  
  20  2:18  SCV  
  20  2:22  Marine  
  22  2:26  Marine  
  23  2:32  Stimpack  
  23  2:35  SCV  
  24  2:38  Marine  
  24  2:42  Marine  
  26  2:47  SCV  
  26  2:50  Marine  
  28  2:58  Supply Depot  
  28  3:03  Starport  
  28  3:04  Factory Reactor  
  28  3:09  SCV  
  28  3:11  Marine  
  30  3:13  Marine  
  31  3:22  Supply Depot  
  31  3:25  Marine  
  32  3:31  SCV  
  32  3:33  Marine x2  
  35  3:50  Supply Depot, SCV, Marine  
  35  3:51  Marine  
  35  3:54  Medivac, Factory Tech Lab  
  40  3:57  Medivac  
  40  4:02  SCV, Marine  
  44  4:12  Marine  
  44  4:13  Marine  
  44  4:15  Siege Tank  
  49  4:24  Medivac  
  49  4:27  SCV, Medivac  
  49  4:30  Marine  
  55  4:36  Combat Shields  
  55  4:45  Supply Depot  
  55  5:06  Siege Tank, Marine x3  
  61  5:24  Marine x2  
  61  5:25  Command Center  
  63  5:31  Supply Depot  
  63  5:33  Supply Depot  
  63  5:41  Marine  
  62  5:53  Marauder  
  62  5:56  Marine  
  65  5:59  Marine  
  66  6:09  Medivac x2  
  70  6:11  Siege Tank  
  70  6:14  Marine x2  
  70  6:17  SCV  
  76  6:19  Marine  
  76  6:24  Supply Depot  
  77  6:31  Marine  
  78  6:51  SCV  
  78  6:53  Orbital Command  
  79  7:04  SCV  
  80  7:12  Marine x3  
  83  7:16  SCV  
  83  7:19  Barracks  
  83  7:21  Supply Depot  
  83  7:22  Supply Depot  
Show
View Real Time Build Order
Export as new Build Order

OmaMorkie Zerg - Winner!

Build Orders: Hatch First 

Get SALT Encoding   

  12  0:01  Drone  
  13  0:11  Drone  
  14  0:15  Extractor  
  14  0:19  Overlord  
  14  0:45  Hatchery  
  13  0:54  Drone  
  13  0:55  Drone  
  13  0:56  Drone  
  16  1:07  Drone  
  17  1:18  Spawning Pool  
  17  1:21  Extractor  
  17  1:23  Drone  
  16  1:28  Drone  
  17  1:40  Drone  
  18  1:49  Drone  
  19  1:58  Drone  
  19  2:00  Drone  
  21  2:05  Queen  
  21  2:06  Queen  
  25  2:13  Overlord  
  25  2:23  Metabolic Boost  
  25  2:24  Drone  
  25  2:27  Zergling x2  
  27  2:31  Zergling x2  
  27  2:34  Drone  
  29  2:37  Drone  
  30  2:48  Zergling x2  
  30  2:49  Zergling x2  
  32  2:54  Overlord  
  32  3:00  Burrow  
  32  3:02  Zergling x4  
  34  3:07  Drone  
  34  3:11  Extractor  
  34  3:12  Drone  
  35  3:16  Drone  
  35  3:17  Drone  
  35  3:18  Zergling x2  
  35  3:19  Zergling x2  
  39  3:27  Zergling x2  
  39  3:28  Zergling x4  
  42  3:39  Drone x2  
  42  3:41  Overlord  
  44  4:00  Drone x8  
  52  4:18  Evolution Chamber  
  52  4:20  Hatchery  
  49  4:41  Drone x3  
  49  4:43  Overlord x2  
  49  4:44  Lair  
  52  4:49  Overlord  
  52  4:54  Zerg Ground Armor Level 1, Roach Warren  
  51  5:03  Extractor  
  51  5:06  Extractor  
  49  5:16  Drone x9  
  49  5:17  Drone x2  
  59  5:39  Roach x6  
  70  5:54  Roach x4  
  70  5:55  Roach x2  
  80  6:08  Nydus Network  
  79  6:15  Nydus Network, Roach  
  79  6:17  Overlord x3  
  80  6:28  Queen  
  79  6:35  Roach x3  
  79  6:36  Roach  
  79  6:38  Spine Crawler  
  86  6:44  Infestation Pit  
  86  6:45  Drone x3  
  88  7:08  Nydus Canal  
  88  7:13  Nydus Canal  
  88  7:14  Roach x8  
  87  8:08  Spawning Pool  
  86  8:20  Roach x17  
  78  8:29  Roach x4  
  54  8:52  Drone x4  
  47  8:55  Hatchery  
  47  8:56  Roach x6  
  47  8:58  Baneling Nest  
  47  8:59  Zergling x6  
  47  9:02  Queen  
  51  9:14  Roach x4  
  51  9:15  Spine Crawler  
  51  9:16  Spine Crawler  
  51  9:17  Spine Crawler  
  42  9:25  Zergling x4  
  42  9:30  Queen  
  44  9:32  Spine Crawler  
  44  9:38  Zergling x6  
  44  9:45  Baneling x2  
  44  9:46  Baneling x8  
  44  9:53  Zergling x4  
  44  9:54  Drone x22  
Tags
 
Composition
MMM Bio
Matchup
TvZ
Spawn Locations
Cross Positions
Add a new tag
Caveats
  • Supply blocks, unpowered buildings, or Contaminate may cause inaccurate times.
  • Supply counts are checked every 10 seconds.